% Time on Ice - SAN FRANCISCO SPIDERS
Lines # - Real PCT - Wanted PCT - Time Play
Normal Forward
1 - 32% - 30% - 15:16
2 - 29% - 30% - 13:46
3 - 21% - 20% - 9:59
4 - 19% - 20% - 9:08
Normal Defense
1 - 36% - 34% - 17:10
2 - 34% - 33% - 16:24
3 - 29% - 32% - 14:05
4 - 1% - 1% - 0:30
PP Forward
1 - 49% - 55% - 3:53
2 - 51% - 45% - 4:00
PP Defense
1 - 59% - 55% - 4:38
2 - 41% - 45% - 3:15
PK Forward
1 - 55% - 55% - 2:12
2 - 45% - 45% - 1:46
PK Defense
1 - 48% - 55% - 1:54
2 - 52% - 45% - 2:04
PK3 Forward
1 - 0% - 55%
2 - 0% - 45%
PK3 Defense
1 - 0% - 55%
2 - 0% - 45%
44 Forward
1 - 0% - 55%
2 - 0% - 45%
44 Defense
1 - 0% - 55%
2 - 0% - 45%
Last Minute Offensive  - 0:00
Last Minute Defensive  - 0:00
Total
Forward - 60:00
Defense - 60:00
% Time on Ice - TEXAS TOROS
Lines # - Real PCT - Wanted PCT - Time Play
Normal Forward
1 - 30% - 36% - 14:18
2 - 30% - 31% - 14:22
3 - 23% - 23% - 11:16
4 - 17% - 10% - 8:13
Normal Defense
1 - 40% - 36% - 19:16
2 - 37% - 31% - 17:41
3 - 16% - 23% - 7:36
4 - 7% - 10% - 3:36
PP Forward
1 - 60% - 55% - 2:22
2 - 40% - 45% - 1:36
PP Defense
1 - 40% - 55% - 1:36
2 - 60% - 45% - 2:22
PK Forward
1 - 70% - 55% - 5:32
2 - 30% - 45% - 2:21
PK Defense
1 - 41% - 55% - 3:12
2 - 59% - 45% - 4:41
PK3 Forward
1 - 0% - 55%
2 - 0% - 45%
PK3 Defense
1 - 0% - 55%
2 - 0% - 45%
44 Forward
1 - 0% - 55%
2 - 0% - 45%
44 Defense
1 - 0% - 55%
2 - 0% - 45%
Last Minute Offensive  - 0:00
Last Minute Defensive  - 0:00
Total
Forward - 60:00
Defense - 60:00
Play-by-Play 1st period 0:01 of 1st period - Nazem Kadri wins face-off versus Danton Heinen in neutral zone. 0:21 of 1st period - Shot by Mats Zuccarello. 0:21 of 1st period - Stopped by Malcolm Subban with a rebound. 0:53 of 1st period - Tyler Myers is hit by Nazem Kadri and loses puck. 1:22 of 1st period - Shot by Conor Sheary. 1:22 of 1st period - Deflect By Jake Virtanen. 1:22 of 1st period - Shot Misses the Net. 1:24 of 1st period - Shot by Dmitry Kulikov. 1:24 of 1st period - Stopped by Malcolm Subban without a rebound. 1:25 of 1st period - Calle Jarnkrok wins face-off versus Nick Cousins in SAN FRANCISCO SPIDERS zone. 1:32 of 1st period - Shot by Calle Jarnkrok. 1:32 of 1st period - Shot Misses the Net. 1:35 of 1st period - Calle Jarnkrok is hit by Dante Fabbro and loses puck. 1:56 of 1st period - Shot by Valtteri Filppula. 1:56 of 1st period - Stopped by Malcolm Subban without a rebound. 1:57 of 1st period - Erik Haula wins face-off versus Ryan Poehling in SAN FRANCISCO SPIDERS zone. 2:03 of 1st period - Nate Schmidt is hit by Aaron Ekblad and loses puck. 2:12 of 1st period - Shot by Erik Haula. 2:12 of 1st period - Shot Misses the Net. 2:14 of 1st period - Shot by Jordan Oesterle. 2:14 of 1st period - Stopped by Cory Schneider with a rebound. 2:16 of 1st period - Shot by Nate Schmidt. 2:16 of 1st period - Shot Blocked by Aaron Ekblad. 2:26 of 1st period - Shot by Erik Haula. 2:26 of 1st period - Stopped by Cory Schneider without a rebound. 2:26 of 1st period - Minor Penalty to Tyson Barrie for Hooking. 2:27 of 1st period - Nazem Kadri wins face-off versus Danton Heinen in TEXAS TOROS zone. 2:35 of 1st period - Icing by Danton Heinen. 2:36 of 1st period - Nazem Kadri wins face-off versus Danton Heinen in SAN FRANCISCO SPIDERS zone. 2:39 of 1st period - Shot by Nazem Kadri. 2:39 of 1st period - Shot Misses the Net. 2:47 of 1st period - Shot by Nazem Kadri. 2:47 of 1st period - Shot Blocked by Karl Alzner. 3:02 of 1st period - Shot by Danton Heinen. 3:02 of 1st period - Shot Blocked by Vince Dunn. 3:04 of 1st period - Shot by Danton Heinen. 3:04 of 1st period - Goal by Danton Heinen - SAN FRANCISCO SPIDERS : 1 - TEXAS TOROS : 0. 3:05 of 1st period - Barrett Hayton wins face-off versus Kirby Dach in neutral zone. 3:16 of 1st period - Shot by Jake Virtanen. 3:16 of 1st period - Deflect By Conor Sheary. 3:16 of 1st period - Shot Misses the Net. 3:42 of 1st period - Shot by Kirby Dach. 3:42 of 1st period - Shot Blocked by Dante Fabbro. 5:42 of 1st period - Icing by Tyler Myers. 5:43 of 1st period - Calle Jarnkrok wins face-off versus Barrett Hayton in SAN FRANCISCO SPIDERS zone. 5:47 of 1st period - Dominik Kahun is hit by Dmitry Kulikov and loses puck. 6:02 of 1st period - Shot by Calle Jarnkrok. 6:02 of 1st period - Stopped by Cory Schneider without a rebound. 6:03 of 1st period - Danton Heinen wins face-off versus Nazem Kadri in TEXAS TOROS zone. 6:05 of 1st period - Andrei Svechnikov is hit by Dante Fabbro. 6:08 of 1st period - Milan Lucic is hit by Dmitry Kulikov and loses puck. 6:25 of 1st period - Shot by Taro Hirose. 6:25 of 1st period - Shot Blocked by Jordan Schmaltz. 6:56 of 1st period - Icing by Danton Heinen. 6:57 of 1st period - Ryan Poehling wins face-off versus Danton Heinen in SAN FRANCISCO SPIDERS zone. 7:42 of 1st period - Shot by Nico Sturm. 7:42 of 1st period - Deflect By Kirby Dach. 7:42 of 1st period - Shot Hit the Post. 8:07 of 1st period - Off-side. 8:08 of 1st period - Calle Jarnkrok wins face-off versus Barrett Hayton in neutral zone. 8:28 of 1st period - Minor Penalty to Dominik Kahun for Diving. 8:29 of 1st period - Nazem Kadri wins face-off versus Danton Heinen in SAN FRANCISCO SPIDERS zone. 8:44 of 1st period - Nate Schmidt is hit by Nazem Kadri and loses puck. 10:08 of 1st period - Mats Zuccarello is hit by Milan Lucic. 10:51 of 1st period - Shot by Nico Sturm. 10:51 of 1st period - Deflect By Kirby Dach. 10:51 of 1st period - Shot Blocked by Tyson Barrie. 10:53 of 1st period - Shot by Nico Sturm. 10:53 of 1st period - Stopped by Cory Schneider with a rebound. 10:55 of 1st period - Shot by Tyler Myers. 10:55 of 1st period - Shot Misses the Net. 11:23 of 1st period - Shot by Dominik Kahun. 11:23 of 1st period - Shot Blocked by Aaron Ekblad. 11:51 of 1st period - Shot by Nick Cousins. 11:51 of 1st period - Stopped by Malcolm Subban with a rebound. 11:53 of 1st period - Shot by Valtteri Filppula. 11:53 of 1st period - Stopped by Malcolm Subban without a rebound. 11:54 of 1st period - Erik Haula wins face-off versus Nazem Kadri in SAN FRANCISCO SPIDERS zone. 11:54 of 1st period - Erik Haula is hit by Taro Hirose. 12:03 of 1st period - Alexander Kerfoot is hit by Tyson Barrie and loses puck. 12:53 of 1st period - Nick Cousins is hit by Jordan Schmaltz and loses puck. 12:56 of 1st period - Shot by Nick Cousins. 12:56 of 1st period - Stopped by Malcolm Subban without a rebound. 12:57 of 1st period - Danton Heinen wins face-off versus Barrett Hayton in SAN FRANCISCO SPIDERS zone. 13:12 of 1st period - Shot by Jake Virtanen. 13:12 of 1st period - Deflect By Conor Sheary. 13:12 of 1st period - Shot Misses the Net. 13:22 of 1st period - Shot by Andrei Svechnikov. 13:22 of 1st period - Stopped by Cory Schneider without a rebound. 13:23 of 1st period - Nazem Kadri wins face-off versus